[ AOE2 MATCH · #480522088 ]
UnrankedEthiopians vs Huns
[ REPLAY ANALYSIS · EXTRACTED FROM THE RECORDED GAME ]
Feudal
—
Castle
—
Imperial
—
| APM avg | 60.3 |
| APM peak | 94 |
| eAPM avg | 20.2 |
| Villagers / military | 20 / 0 |
Focus
⚔️ 32.4% · 🌾 67.6%
Feudal
—
Castle
—
Imperial
—
| APM avg | 22.6 |
| APM peak | 35 |
| eAPM avg | 8.4 |
| Villagers / military | 15 / 0 |
Focus
⚔️ 2.4% · 🌾 97.6%
Feudal
—
Castle
—
Imperial
—
| APM avg | 47.2 |
| APM peak | 62 |
| eAPM avg | 11.5 |
| Villagers / military | 16 / 0 |
Focus
⚔️ 20.3% · 🌾 79.7%
Feudal
—
Castle
—
Imperial
—
| APM avg | 37.6 |
| APM peak | 54 |
| eAPM avg | 12.9 |
| Villagers / military | 19 / 0 |
Focus
⚔️ 45.5% · 🌾 54.5%
Feudal
—
Castle
—
Imperial
—
| APM avg | 76.3 |
| APM peak | 96 |
| eAPM avg | 22.1 |
| Villagers / military | 15 / 0 |
Focus
⚔️ 15.0% · 🌾 85.0%
Feudal
—
Castle
—
Imperial
—
| APM avg | 45.1 |
| APM peak | 73 |
| eAPM avg | 16.5 |
| Villagers / military | 18 / 0 |
Focus
⚔️ 48.8% · 🌾 51.2%
Feudal
—
Castle
—
Imperial
—
| APM avg | 44.2 |
| APM peak | 62 |
| eAPM avg | 16.7 |
| Villagers / military | 16 / 0 |
Focus
⚔️ 28.4% · 🌾 71.6%
Feudal
—
Castle
—
Imperial
—
| APM avg | 29.4 |
| APM peak | 50 |
| eAPM avg | 11.0 |
| Villagers / military | 15 / 0 |
Focus
⚔️ 13.5% · 🌾 86.5%
Match map
Initial resources + every placement click. Lines = walls · curves = elevation contours. ◆ gold · ⬟ stone · ● berries · ✦ relic · ◌ wall gap
Your base
livulove's base
Nomad's base
Ramci's base
watsons_water's base
DaTuRa's base
EMMM | TheVuki's base
WhiteFrost's base
Smoothed initial terrain · ◌ = detected wall gap · hover for details
Inputs per minute
— fuluabi - - livulove
Build order — fuluabi
24 actions detected in the replay
| 0:00 | Create | Villager (Male) |
| 0:00 | Create | Villager (Male) |
| 0:02 | Build | House |
| 0:03 | Build | House |
| 0:20 | Create | Villager (Male) |
| 0:20 | Create | Villager (Male) |
| 1:30 | Create | Villager (Male) |
| 1:46 | Build | Lumber Camp |
| 2:09 | Create | Villager (Male) |
| 2:27 | Create | Villager (Male) |
| 2:52 | Create | Villager (Male) |
| 3:07 | Create | Villager (Male) |
| 3:37 | Create | Villager (Male) |
| 3:51 | Build | House |
| 4:00 | Create | Villager (Male) |
| 4:00 | Create | Villager (Male) |
| 4:22 | Create | Villager (Male) |
| 4:22 | Create | Villager (Male) |
| 4:44 | Create | Villager (Male) |
| 5:17 | Create | Villager (Male) |
| 5:17 | Create | Villager (Male) |
| 5:28 | Create | Villager (Male) |
| 5:30 | Create | Villager (Male) |
| 5:30 | Create | Villager (Male) |
Build order — livulove
14 actions detected in the replay
| 0:01 | Create | Villager (Male) ×4 |
| 1:23 | Create | Villager (Male) |
| 2:01 | Build | Lumber Camp |
| 2:04 | Create | Villager (Male) |
| 2:17 | Create | Villager (Male) |
| 2:43 | Create | Villager (Male) |
| 3:12 | Create | Villager (Male) |
| 3:35 | Create | Villager (Male) |
| 3:35 | Create | Villager (Male) |
| 4:08 | Create | Villager (Male) |
| 4:32 | Create | Villager (Male) |
| 4:50 | Build | Mill |
| 5:17 | Create | Villager (Male) |
| 5:17 | Create | Villager (Male) |
Build order — Nomad
21 actions detected in the replay
| 0:02 | Create | Villager (Male) |
| 0:03 | Build | House |
| 0:04 | Build | House |
| 0:30 | Create | Villager (Male) |
| 0:30 | Create | Villager (Male) |
| 0:30 | Create | Villager (Male) |
| 1:34 | Create | Villager (Male) |
| 1:54 | Create | Villager (Male) |
| 2:02 | Build | Mining Camp |
| 2:08 | Build | Lumber Camp |
| 2:23 | Create | Villager (Male) |
| 3:20 | Create | Villager (Male) |
| 3:20 | Create | Villager (Male) |
| 3:21 | Create | Villager (Male) |
| 3:53 | Build | House |
| 4:08 | Create | Villager (Male) |
| 4:33 | Create | Villager (Male) |
| 4:50 | Create | Villager (Male) |
| 5:15 | Create | Villager (Male) |
| 5:15 | Create | Villager (Male) |
| 5:32 | Create | Villager (Male) |
Build order — Ramci
18 actions detected in the replay
| 0:02 | Create | Villager (Male) ×4 |
| 0:02 | Create | Villager (Male) ×4 |
| 0:03 | Build | House |
| 0:11 | Build | House |
| 1:23 | Create | Villager (Male) |
| 2:04 | Build | Lumber Camp |
| 2:07 | Create | Villager (Male) |
| 2:35 | Create | Villager (Male) |
| 2:50 | Create | Villager (Male) |
| 3:04 | Create | Villager (Male) |
| 3:04 | Create | Villager (Male) |
| 3:10 | Build | House |
| 3:52 | Create | Villager (Male) |
| 3:53 | Create | Villager (Male) |
| 4:26 | Build | Mill |
| 4:30 | Create | Villager (Male) |
| 4:45 | Create | Villager (Male) |
| 4:45 | Create | Villager (Male) |
Build order — watsons_water
18 actions detected in the replay
| 0:01 | Create | Villager (Male) ×5 |
| 0:01 | Create | Villager (Male) |
| 0:02 | Build | House |
| 0:03 | Build | House |
| 1:30 | Create | Villager (Male) |
| 1:54 | Build | Lumber Camp |
| 1:56 | Create | Villager (Male) |
| 2:42 | Create | Villager (Male) |
| 3:03 | Create | Villager (Male) |
| 3:30 | Create | Villager (Male) |
| 3:42 | Build | House |
| 3:46 | Build | House |
| 4:16 | Create | Villager (Male) |
| 4:43 | Create | Villager (Male) |
| 4:49 | Create | Villager (Male) |
| 4:50 | Create | Villager (Male) |
| 4:51 | Research | Loom |
| 5:03 | Build | Mill |
Build order — DaTuRa
22 actions detected in the replay
| 0:04 | Create | Villager (Male) |
| 0:04 | Create | Villager (Male) |
| 0:04 | Create | Villager (Male) |
| 0:06 | Build | House |
| 0:08 | Create | Villager (Male) |
| 0:09 | Create | Villager (Male) |
| 0:34 | Build | House |
| 1:40 | Create | Villager (Male) |
| 1:40 | Create | Villager (Male) |
| 1:40 | Create | Villager (Male) |
| 2:13 | Create | Villager (Male) |
| 2:14 | Create | Villager (Male) |
| 2:23 | Create | Villager (Male) |
| 2:23 | Create | Villager (Male) |
| 2:24 | Create | Villager (Male) |
| 2:57 | Create | Villager (Male) |
| 3:08 | Create | Villager (Male) |
| 4:10 | Create | Villager (Male) |
| 4:10 | Create | Villager (Male) |
| 4:10 | Create | Villager (Male) |
| 4:16 | Build | House |
| 4:24 | Build | House |
Build order — EMMM | TheVuki
22 actions detected in the replay
| 0:00 | Create | Villager (Male) |
| 0:01 | Create | Villager (Male) |
| 0:01 | Create | Villager (Male) |
| 0:02 | Build | House |
| 0:03 | Build | House |
| 0:18 | Create | Villager (Male) |
| 1:34 | Create | Villager (Male) |
| 1:54 | Create | Villager (Male) |
| 2:08 | Build | Lumber Camp |
| 2:13 | Create | Villager (Male) |
| 2:35 | Create | Villager (Male) |
| 3:19 | Create | Villager (Male) |
| 3:25 | Create | Villager (Male) |
| 3:36 | Create | Villager (Male) |
| 3:47 | Create | Villager (Male) |
| 3:51 | Build | House |
| 4:07 | Create | Villager (Male) |
| 4:29 | Create | Villager (Male) |
| 4:38 | Create | Villager (Male) |
| 4:49 | Create | Villager (Male) |
| 4:57 | Build | Mining Camp |
| 5:31 | Research | Loom |
Build order — WhiteFrost
18 actions detected in the replay
| 0:01 | Create | Villager (Male) |
| 0:01 | Create | Villager (Male) |
| 0:02 | Create | Villager (Male) |
| 0:02 | Create | Villager (Male) |
| 0:02 | Create | Villager (Male) |
| 0:03 | Build | House |
| 1:22 | Create | Villager (Male) |
| 1:57 | Build | Settlement |
| 2:01 | Create | Villager (Male) |
| 2:49 | Create | Villager (Male) |
| 2:49 | Create | Villager (Male) |
| 3:14 | Create | Villager (Male) |
| 3:27 | Create | Villager (Male) |
| 4:11 | Build | Settlement |
| 4:48 | Create | Villager (Male) |
| 4:48 | Create | Villager (Male) |
| 4:48 | Create | Villager (Male) |
| 5:24 | Create | Villager (Male) |
Match timeline
| 5:10 | DaTuRa · resign |
[ AI ANALYSIS · 1 CREDIT ]
What really happened in this match?
Wolo.gg analyzes every decision: build order, eco, micro, common mistakes by bracket. Personalized analysis on WhatsApp or Discord in 30 seconds.
Civ guide
Ethiopians
Perfil
Jugador #11266798